MLB
ARIZONA DIAMONDBACKS @ SAN DIEGO PADRES
09/14/2039
 
TOP OF THE 1ST
Arizona Diamondbacks batting - Pitching for San Diego Padres : LHP Danny Toro
Pitching: LHP Danny Toro
Batting: LHB Luke Leto 0-0: Ground out 6-3 (Groundball, 6M, EV 85.6 MPH)
Batting: RHB Justin Colon 0-0: Called Strike
0-1: Foul Ball, location: 9LDF
0-2: Ball
1-2: Strikes out looking
Batting: LHB Kevin Berte 0-0: Called Strike
0-1: Fly out, F4 (Line Drive, 4D, EV 65.0 MPH)
Top of the 1st over - 0 runs, 0 hits, 0 errors, 0 left on base; Arizona 0 - San Diego 0
BOTTOM OF THE 1ST
San Diego Padres batting - Pitching for Arizona Diamondbacks : RHP Jim Ferri
Pitching: RHP Jim Ferri
Batting: RHB C.J. Breckenridge 0-0: SINGLE (Groundball, 4MD, EV 99.4 MPH)
Batting: RHB Andy Parrish 0-0: Called Strike
0-1: Foul Ball, location: 23F
0-2: Foul Ball, location: 23F
0-2: DOUBLE (Flyball, 78XD, EV 99.4 MPH)
C.J. Breckenridge to third
Pinch Runner at 2nd Mike Medeiros:
Batting: RHB Juan Arras 0-0: Fly out, F9 (Flyball, 9S, EV 90.6 MPH)
Batting: LHB Melvin Adame 0-0: Called Strike
0-1: Called Strike
0-2: Strikes out swinging
Batting: LHB Zach Kovacs 0-0: Fly out, F8 (Flyball, 8RM, EV 94.4 MPH)
Bottom of the 1st over - 0 runs, 2 hits, 0 errors, 2 left on base; Arizona 0 - San Diego 0
TOP OF THE 2ND
Arizona Diamondbacks batting - Pitching for San Diego Padres : LHP Danny Toro
Now in LF: Mike Medeiros
Batting: RHB Bob Peterson 0-0: Called Strike
0-1: Foul Ball, location: 2RF
0-2: Ball
1-2: Ball
2-2: Ball
3-2: Strikes out looking
Batting: LHB Tommy Campbell 0-0: Called Strike
0-1: SINGLE (Groundball, 4MD, EV 98.8 MPH)
Batting: RHB Brad Bluth 0-0: Called Strike
0-1: Called Strike
0-2: Strikes out swinging
Batting: LHB Adrian McAdams 0-0: Ball
1-0: Called Strike
1-1: Foul Ball, location: 9LSF
1-2: Ball
2-2: Ground out U3 (Groundball, 3, EV 85.0 MPH)
Top of the 2nd over - 0 runs, 1 hit, 0 errors, 1 left on base; Arizona 0 - San Diego 0
BOTTOM OF THE 2ND
San Diego Padres batting - Pitching for Arizona Diamondbacks : RHP Jim Ferri
Batting: RHB Christian Hamilton 0-0: Fly out, F9 (Line Drive, 9, EV 105.0 MPH)
Batting: RHB Emmanuel Anzola 0-0: Foul Ball, location: 9LDF
0-1: Ball
1-1: Ground out 6-3 (Groundball, 56D, EV 101.9 MPH)
Batting: LHB Greg Moravec 0-0: Ball
1-0: DOUBLE (Line Drive, 5D, EV 105.0 MPH)
Batting: RHB Jody Mlakar 0-0: Ball
1-0: Ball
2-0: Called Strike
2-1: Swinging Strike
2-2: Ball
3-2: Foul Ball, location: 2F
3-2: Strikes out swinging
Bottom of the 2nd over - 0 runs, 1 hit, 0 errors, 1 left on base; Arizona 0 - San Diego 0
TOP OF THE 3RD
Arizona Diamondbacks batting - Pitching for San Diego Padres : LHP Danny Toro
Batting: SHB Chris Hull 0-0: Ball
1-0: Foul Ball, location: 9LMFF
1-1: Swinging Strike
1-2: Ball
2-2: Strikes out swinging
Batting: RHB Ron Peterson 0-0: Ball
1-0: Ball
2-0: Ball
3-0: Base on Balls
Batting: LHB Luke Leto 0-0: Ball
1-0: Ball
2-0: Called Strike
2-1: Grounds into double play, 4-6-3 (Groundball, 34, EV 91.3 MPH)
Top of the 3rd over - 0 runs, 0 hits, 0 errors, 0 left on base; Arizona 0 - San Diego 0
BOTTOM OF THE 3RD
San Diego Padres batting - Pitching for Arizona Diamondbacks : RHP Jim Ferri
Batting: RHB C.J. Breckenridge 0-0: Ground out 6-3 (Groundball, 6, EV 81.3 MPH)
Batting: LHB Mike Medeiros 0-0: Called Strike
0-1: Called Strike
0-2: Foul Ball, location: 25F
0-2: Ball
1-2: Ball
2-2: Ball
3-2: Fly out, F7 (Flyball, 7D, EV 86.9 MPH)
Batting: RHB Juan Arras 0-0: Called Strike
0-1: Called Strike
0-2: Fly out, F5 (Line Drive, 5L, EV 70.0 MPH)
Bottom of the 3rd over - 0 runs, 0 hits, 0 errors, 0 left on base; Arizona 0 - San Diego 0
TOP OF THE 4TH
Arizona Diamondbacks batting - Pitching for San Diego Padres : LHP Danny Toro
Batting: RHB Justin Colon 0-0: SINGLE (Groundball, 6MD, EV 106.3 MPH) (infield hit)
Batting: LHB Kevin Berte 0-0: Foul Ball, location: 23F
0-1: Ball
1-1: Ball
2-1: Foul Ball, location: 5SF
2-2: Strikes out swinging
Batting: RHB Bob Peterson 0-0: Called Strike
0-1: Ball
1-1: Swinging Strike
1-2: Foul Ball, location: 2F
1-2: Ball
2-2: Strikes out swinging
Batting: LHB Tommy Campbell 0-0: Foul Ball, location: 3F
0-1: Foul Ball, location: 3F
0-2: Strikes out swinging
Top of the 4th over - 0 runs, 1 hit, 0 errors, 1 left on base; Arizona 0 - San Diego 0
BOTTOM OF THE 4TH
San Diego Padres batting - Pitching for Arizona Diamondbacks : RHP Jim Ferri
Batting: LHB Melvin Adame 0-0: SINGLE (Line Drive, 5D, EV 97.5 MPH)
Batting: LHB Zach Kovacs 0-0: Foul Ball, location: 5F
0-1: Ball
Wild Pitch!
Melvin Adame to second
1-1: Swinging Strike
1-2: Strikes out looking
Batting: RHB Christian Hamilton 0-0: Called Strike
0-1: Ball
1-1: Ball
2-1: Ball
3-1: Swinging Strike
3-2: Foul Ball, location: 9LSF
3-2: Foul Ball, location: 2F
3-2: Foul Ball, location: 25F
3-2: Base on Balls
Batting: RHB Emmanuel Anzola 0-0: 3-RUN HOME RUN (Flyball, 78XD, EV 105.6 MPH), Distance : 394 ft
Batting: LHB Greg Moravec 0-0: Ground out 6-3 (Groundball, 6, EV 84.4 MPH)
Batting: RHB Jody Mlakar 0-0: Called Strike
0-1: Ball
1-1: Foul Ball, location: 2F
1-2: Ground out 6-3 (Groundball, 6, EV 108.1 MPH)
Bottom of the 4th over - 3 runs, 2 hits, 0 errors, 0 left on base; Arizona 0 - San Diego 3
TOP OF THE 5TH
Arizona Diamondbacks batting - Pitching for San Diego Padres : LHP Danny Toro
Batting: RHB Brad Bluth 0-0: Foul Ball, location: 7LSF
0-1: Ball
1-1: Fly out, F8 (Flyball, 8LM, EV 90.0 MPH)
Batting: LHB Adrian McAdams 0-0: Ball
1-0: Called Strike
1-1: Ball
2-1: Foul Ball, location: 25F
2-2: Ball
3-2: Foul Ball, location: 2F
3-2: Base on Balls
Batting: SHB Chris Hull 0-0: Ball
1-0: Foul Ball, location: 3DF
1-1: Foul Ball, location: 7LMF
1-2: Strikes out looking
Batting: RHB Ron Peterson 0-0: Ball
1-0: Foul Ball, location: 2F
1-1: Ball
2-1: Foul Ball, location: 2LF
2-2: Strikes out looking
Top of the 5th over - 0 runs, 0 hits, 0 errors, 1 left on base; Arizona 0 - San Diego 3
BOTTOM OF THE 5TH
San Diego Padres batting - Pitching for Arizona Diamondbacks : RHP Jim Ferri
Batting: RHB C.J. Breckenridge 0-0: Ball
1-0: Fly out, F7 (Flyball, 7LMF, EV 87.5 MPH)
Batting: LHB Mike Medeiros 0-0: Ball
1-0: Foul Ball, location: 3FF
1-1: Foul Ball, location: 2F
1-2: Hit by Pitch
Batting: RHB Juan Arras 0-0: Called Strike
0-1: Ball
1-1: Ball
2-1: SINGLE (Line Drive, 6D, EV 95.6 MPH)
Mike Medeiros to second
Batting: LHB Melvin Adame 0-0: Ball
1-0: Ball
2-0: Ball
3-0: Called Strike
3-1: Fly out, F8 (Flyball, 8LS, EV 95.6 MPH)
Batting: LHB Zach Kovacs 0-0: Fly out, F4 (Line Drive, 4, EV 75.6 MPH)
Bottom of the 5th over - 0 runs, 1 hit, 0 errors, 2 left on base; Arizona 0 - San Diego 3
TOP OF THE 6TH
Arizona Diamondbacks batting - Pitching for San Diego Padres : LHP Danny Toro
Batting: LHB Luke Leto 0-0: Swinging Strike
0-1: Ball
1-1: Foul Ball, location: 2F
1-2: Foul Ball, location: 23FF
1-2: Strikes out swinging
Batting: RHB Justin Colon 0-0: Ball
1-0: Swinging Strike
1-1: Swinging Strike
1-2: Ball
2-2: Foul Ball, location: 5SF
2-2: Fly out, F7 (Flyball, 78D, EV 92.5 MPH)
Batting: LHB Kevin Berte 0-0: Ball
1-0: Swinging Strike
1-1: Swinging Strike
1-2: Strikes out swinging, 2-3 out at first.
Top of the 6th over - 0 runs, 0 hits, 0 errors, 0 left on base; Arizona 0 - San Diego 3
BOTTOM OF THE 6TH
San Diego Padres batting - Pitching for Arizona Diamondbacks : RHP Jim Ferri
Batting: RHB Christian Hamilton 0-0: Ball
1-0: Swinging Strike
1-1: Called Strike
1-2: Strikes out swinging
Batting: RHB Emmanuel Anzola 0-0: Called Strike
0-1: Foul Ball, location: 23F
0-2: Strikes out swinging
Batting: LHB Greg Moravec 0-0: Called Strike
0-1: Swinging Strike
0-2: Strikes out swinging
Bottom of the 6th over - 0 runs, 0 hits, 0 errors, 0 left on base; Arizona 0 - San Diego 3
TOP OF THE 7TH
Arizona Diamondbacks batting - Pitching for San Diego Padres : LHP Danny Toro
Batting: RHB Bob Peterson 0-0: Fly out, F8 (Line Drive, 78M, EV 93.8 MPH)
Batting: LHB Tommy Campbell 0-0: Ball
1-0: Ball
2-0: Ground out 4-3 (Groundball, 34D, EV 90.6 MPH)
Batting: RHB Brad Bluth 0-0: Swinging Strike
0-1: Foul Ball, location: 9LDF
0-2: Ball
1-2: Strikes out swinging
Top of the 7th over - 0 runs, 0 hits, 0 errors, 0 left on base; Arizona 0 - San Diego 3
BOTTOM OF THE 7TH
San Diego Padres batting - Pitching for Arizona Diamondbacks : RHP Jim Ferri
Batting: RHB Jody Mlakar 0-0: Foul Ball, location: 2F
0-1: Foul Ball, location: 25F
0-2: Ball
1-2: Ball
2-2: Strikes out looking
Batting: RHB C.J. Breckenridge 0-0: Ball
1-0: Ball
2-0: Called Strike
2-1: Ball
3-1: Base on Balls
Pitching: RHP Josh Tanner
Batting: LHB Mike Medeiros 0-0: Foul Ball, location: 2F
0-1: Called Strike
0-2: Ball
Wild Pitch!
C.J. Breckenridge to second
1-2: Ground out 3-1 (Groundball, 34, EV 105.0 MPH)
C.J. Breckenridge to third
Batting: RHB Juan Arras 0-0: Ball
1-0: Ground out 5-3 (Groundball, 56, EV 84.4 MPH)
Bottom of the 7th over - 0 runs, 0 hits, 0 errors, 1 left on base; Arizona 0 - San Diego 3
TOP OF THE 8TH
Arizona Diamondbacks batting - Pitching for San Diego Padres : LHP Danny Toro
Batting: LHB Adrian McAdams 0-0: SINGLE (Line Drive, 4D, EV 105.6 MPH)
Batting: SHB Chris Hull 0-0: Called Strike
0-1: Foul Ball, location: 23F
0-2: Ball
1-2: Ball
2-2: Foul Ball, location: 2F
2-2: Ball
3-2: Foul Ball, location: 2F
3-2: Ground out 5-3 (Groundball, 15, EV 86.9 MPH)
Adrian McAdams to second
Pitching: RHP Chris Asher
Pinch Hitting: LHB Jose Lima 0-0: Ball
1-0: Ball
2-0: Ball
3-0: Base on Balls
Batting: LHB Luke Leto 0-0: Called Strike
0-1: Called Strike
0-2: Strikes out looking
Batting: RHB Justin Colon 0-0: Foul Ball, location: 3SF
0-1: Called Strike
0-2: Foul Ball, location: 2F
0-2: Ball
1-2: SINGLE (Line Drive, 8LS, EV 100.6 MPH)
Adrian McAdams to third
Jose Lima to second
Runner from 3rd tries for Home, SAFE, throw by CF to home
Batting: LHB Kevin Berte 0-0: DOUBLE (Line Drive, 8RXD, EV 100.0 MPH)
Jose Lima scores
Justin Colon to third
Batting: RHB Bob Peterson 0-0: Ball
1-0: Ground out U3 (Groundball, 13, EV 80.0 MPH)
Top of the 8th over - 2 runs, 3 hits, 0 errors, 2 left on base; Arizona 2 - San Diego 3
BOTTOM OF THE 8TH
San Diego Padres batting - Pitching for Arizona Diamondbacks : RHP Josh Tanner
Now at 2B: Justin Colon
Now at 3B: Jose Castrellon
Batting: LHB Melvin Adame 0-0: Foul Ball, location: 2F
0-1: Foul Ball, location: 3F
0-2: Ball
1-2: Ball
2-2: Fly out, F7 (Flyball, 7LM, EV 84.4 MPH)
Batting: LHB Zach Kovacs 0-0: Swinging Strike
0-1: Ball
1-1: Ball
2-1: Fly out, F9 (Line Drive, 9D, EV 96.3 MPH)
Batting: RHB Christian Hamilton 0-0: Ball
1-0: Foul Ball, location: 2F
1-1: Fly out, F8 (Flyball, 8RM, EV 80.6 MPH)
Bottom of the 8th over - 0 runs, 0 hits, 0 errors, 0 left on base; Arizona 2 - San Diego 3
TOP OF THE 9TH
Arizona Diamondbacks batting - Pitching for San Diego Padres : RHP Chris Asher
Batting: LHB Tommy Campbell 0-0: Ball
1-0: SINGLE (Line Drive, 4MD, EV 98.8 MPH)
Batting: RHB Brad Bluth 0-0: Ball
1-0: Ball
2-0: Called Strike
2-1: Foul Ball, location: 9LMF
2-2: Fielders Choice at 2nd, 6-4 (Groundball, 56, EV 76.9 MPH)
Batting: LHB Adrian McAdams 0-0: Foul Ball, location: 23FF
0-1: Ball
1-1: DOUBLE (Line Drive, 89D, EV 103.1 MPH)
Brad Bluth to third
Runner from 3rd tries for Home, SAFE, throw by RF to home
Pinch Hitting: LHB Ian Nichols 0-0: Called Strike
0-1: Called Strike
0-2: Ball
1-2: Ball
2-2: Ball
3-2: Foul Ball, location: 2F
3-2: Fly out, F6 (Line Drive, 6, EV 70.0 MPH)
Lined into DP, 6-4 (Line Drive, 6, EV 70.0 MPH)
Top of the 9th over - 1 run, 2 hits, 0 errors, 0 left on base; Arizona 3 - San Diego 3
BOTTOM OF THE 9TH
San Diego Padres batting - Pitching for Arizona Diamondbacks : RHP Josh Tanner
Pitching: RHP Dusty Hildreth
Now in LF: Eric Dziwulski
Batting: RHB Emmanuel Anzola 0-0: Called Strike
0-1: Ball
1-1: Ball
2-1: Ball
3-1: Swinging Strike
3-2: SINGLE (Line Drive, 89S, EV 106.3 MPH)
Batting: LHB Greg Moravec 0-0: Called Strike
0-1: Foul Ball, location: 2F
0-2: Fly out, F9 (Flyball, 9, EV 91.9 MPH)
Batting: RHB Jody Mlakar 0-0: Ball
1-0: Called Strike
1-1: SINGLE (Line Drive, 6D, EV 95.0 MPH)
Emmanuel Anzola to second
Batting: RHB C.J. Breckenridge 0-0: Ball
1-0: Ball
2-0: Called Strike
2-1: Foul Ball, location: 2F
2-2: Fielders Choice at 2nd, 6-4 (Groundball, 6, EV 83.1 MPH)
Emmanuel Anzola to third
Batting: LHB Mike Medeiros 0-0: Called Strike
0-1: Foul Ball, location: 3FF
0-2: Ball
1-2: Ball
2-2: Strikes out looking
Bottom of the 9th over - 0 runs, 2 hits, 0 errors, 2 left on base; Arizona 3 - San Diego 3
TOP OF THE 10TH
Arizona Diamondbacks batting - Pitching for San Diego Padres : RHP Chris Asher
Pitching: RHP David Gauna
Batting: RHB Jose Castrellon 0-0: Called Strike
0-1: Foul Ball, location: 5FF
0-2: Foul Ball, location: 2F
0-2: Foul Ball, location: 3SF
0-2: Foul Ball, location: 2F
0-2: Strikes out swinging
Batting: LHB Luke Leto 0-0: Called Strike
0-1: Ball
1-1: Ball
2-1: Called Strike
2-2: Strikes out looking
Batting: RHB Justin Colon 0-0: Foul Ball, location: 5FF
0-1: Ground out 5-3 (Groundball, 56, EV 89.4 MPH)
Top of the 10th over - 0 runs, 0 hits, 0 errors, 0 left on base; Arizona 3 - San Diego 3
BOTTOM OF THE 10TH
San Diego Padres batting - Pitching for Arizona Diamondbacks : RHP Dusty Hildreth
Pitching: RHP Sam Davenport
Batting: RHB Juan Arras 0-0: SINGLE (Line Drive, 8LS, EV 83.8 MPH)
Batting: LHB Melvin Adame 0-0: Ball
1-0: Ball
2-0: Grounds out, U3 (Groundball, 3L, EV 83.8 MPH)
Batting: LHB Zach Kovacs 0-0: Ball
1-0: Swinging Strike
1-1: Fly out, F8 (Flyball, 89D, EV 80.6 MPH)
Batting: RHB Christian Hamilton 0-0: Ball
1-0: Called Strike
1-1: Swinging Strike
1-2: Ball
2-2: Foul Ball, location: 2F
2-2: Strikes out looking
Bottom of the 10th over - 0 runs, 1 hit, 0 errors, 1 left on base; Arizona 3 - San Diego 3
TOP OF THE 11TH
Arizona Diamondbacks batting - Pitching for San Diego Padres : RHP David Gauna
Batting: LHB Kevin Berte 0-0: Called Strike
0-1: Ball
1-1: Ball
2-1: Ball
3-1: Foul Ball, location: 23F
3-2: Strikes out looking
Batting: RHB Bob Peterson 0-0: Ball
1-0: Ball
2-0: Swinging Strike
2-1: Ball
3-1: Base on Balls
Batting: LHB Tommy Campbell 0-0: Ball
1-0: Ball
2-0: Ball
3-0: Base on Balls
Bob Peterson to second
Batting: RHB Brad Bluth 0-0: Ball
1-0: Grounds into double play, 5-4-3 (Groundball, 56, EV 83.8 MPH)
Top of the 11th over - 0 runs, 0 hits, 0 errors, 1 left on base; Arizona 3 - San Diego 3
BOTTOM OF THE 11TH
San Diego Padres batting - Pitching for Arizona Diamondbacks : RHP Sam Davenport
Batting: RHB Emmanuel Anzola 0-0: Called Strike
0-1: Foul Ball, location: 23F
0-2: Ball
1-2: Ball
2-2: Fly out, F9 (Flyball, 9, EV 81.9 MPH)
Batting: LHB Greg Moravec 0-0: Called Strike
0-1: Ground out 5-3 (Groundball, 5S, EV 94.4 MPH)
Batting: RHB Jody Mlakar 0-0: SINGLE (Line Drive, 8RS, EV 98.8 MPH)
Batting: RHB C.J. Breckenridge 0-0: Ball
1-0: Ball
2-0: Ground out 4-3 (Groundball, 13, EV 88.8 MPH)
Bottom of the 11th over - 0 runs, 1 hit, 0 errors, 1 left on base; Arizona 3 - San Diego 3
TOP OF THE 12TH
Arizona Diamondbacks batting - Pitching for San Diego Padres : RHP David Gauna
Batting: LHB Adrian McAdams 0-0: Ball
1-0: Foul Ball, location: 2F
1-1: Ground out 1-3 (Groundball, 13, EV 63.1 MPH)
Batting: RHB Eric Dziwulski 0-0: Called Strike
0-1: Ball
1-1: SINGLE (Groundball, 4MD, EV 100.6 MPH)
Batting: RHB Jose Castrellon 0-0: Foul Ball, location: 9LSFF
0-1: Swinging Strike
0-2: Strikes out swinging
Pitching: RHP Nate Cantrell
Batting: LHB Luke Leto 0-0: Ball
1-0: Foul Ball, location: 2F
1-1: Foul Ball, location: 5F
1-2: Ball
2-2: Foul Ball, location: 9LSF
2-2: Foul Ball, location: 5DF
2-2: SINGLE (Line Drive, 9LM, EV 90.6 MPH)
Eric Dziwulski to second
Runner from 2nd tries for 3rd, SAFE, no throw by RF
Batting: RHB Justin Colon 0-0: Fly out, F8 (Flyball, 89M, EV 79.4 MPH)
Top of the 12th over - 0 runs, 2 hits, 0 errors, 2 left on base; Arizona 3 - San Diego 3
BOTTOM OF THE 12TH
San Diego Padres batting - Pitching for Arizona Diamondbacks : RHP Sam Davenport
Batting: LHB Mike Medeiros 0-0: Called Strike
0-1: Called Strike
0-2: Ball
1-2: Strikes out looking
Batting: RHB Juan Arras 0-0: Foul Ball, location: 2F
0-1: Ball
1-1: Fly out, F8 (Flyball, 78D, EV 87.5 MPH)
Batting: LHB Melvin Adame 0-0: Ball
1-0: Ball
2-0: Ball
3-0: Base on Balls
Pitching: RHP Ian Etheredge
Batting: LHB Zach Kovacs 0-0: Ball
1-0: Fly out, F9 (Flyball, 9, EV 98.8 MPH)
Bottom of the 12th over - 0 runs, 0 hits, 0 errors, 1 left on base; Arizona 3 - San Diego 3
TOP OF THE 13TH
Arizona Diamondbacks batting - Pitching for San Diego Padres : RHP Nate Cantrell
Pitching: LHP Mike Ellett
Batting: LHB Kevin Berte 0-0: Called Strike
0-1: DOUBLE (Line Drive, 5D, EV 108.1 MPH)
Batting: RHB Bob Peterson 0-0: Intentional Walk
Batting: LHB Tommy Campbell 0-0: Ball
1-0: Grounds into double play, 3-6-3 (Groundball, 34, EV 100.0 MPH)
Kevin Berte to third
Batting: RHB Brad Bluth 0-0: Intentional Walk
Batting: LHB Adrian McAdams 0-0: Called Strike
0-1: Called Strike
0-2: Strikes out looking
Top of the 13th over - 0 runs, 1 hit, 0 errors, 2 left on base; Arizona 3 - San Diego 3
BOTTOM OF THE 13TH
San Diego Padres batting - Pitching for Arizona Diamondbacks : RHP Ian Etheredge
Batting: RHB Christian Hamilton 0-0: Fly out, F7 (Flyball, 7D, EV 86.9 MPH)
Batting: RHB Emmanuel Anzola 0-0: SINGLE (Line Drive, 9S, EV 109.4 MPH)
Batting: LHB Greg Moravec 0-0: Ball
1-0: Called Strike
1-1: Swinging Strike
1-2: Fly out, F5 (Popup, 5F, EV 46.3 MPH)
Batting: RHB Jody Mlakar 0-0: Called Strike
0-1: Ball
1-1: Swinging Strike
1-2: Strikes out swinging
Bottom of the 13th over - 0 runs, 1 hit, 0 errors, 1 left on base; Arizona 3 - San Diego 3
TOP OF THE 14TH
Arizona Diamondbacks batting - Pitching for San Diego Padres : LHP Mike Ellett
Pitching: RHP Vic Davidson
Batting: RHB Eric Dziwulski 0-0: Swinging Strike
0-1: Ball
1-1: Foul Ball, location: 9LDF
1-2: Ball
2-2: Ball
3-2: Strikes out swinging
Batting: RHB Jose Castrellon 0-0: Called Strike
0-1: Foul Ball, location: 9LDF
0-2: Strikes out swinging
Batting: LHB Luke Leto 0-0: Called Strike
0-1: Called Strike
0-2: Ball
1-2: Ball
2-2: Ball
3-2: SINGLE (Line Drive, 7S, EV 103.8 MPH)
Batting: RHB Justin Colon 0-0: Called Strike
0-1: Called Strike
0-2: Strikes out swinging
Top of the 14th over - 0 runs, 1 hit, 0 errors, 1 left on base; Arizona 3 - San Diego 3
BOTTOM OF THE 14TH
San Diego Padres batting - Pitching for Arizona Diamondbacks : RHP Ian Etheredge
Batting: RHB C.J. Breckenridge 0-0: Ball
1-0: Ball
2-0: SINGLE (Line Drive, 89S, EV 91.3 MPH)
Batting: LHB Mike Medeiros 0-0: Ball
1-0: Swinging Strike
1-1: Ball
2-1: Called Strike
2-2: Grounds into double play, U6-3 (Groundball, 4MS, EV 86.3 MPH)
Batting: RHB Juan Arras 0-0: Ball
1-0: Ground out 4-3 (Groundball, 4, EV 88.1 MPH)
Bottom of the 14th over - 0 runs, 1 hit, 0 errors, 0 left on base; Arizona 3 - San Diego 3
TOP OF THE 15TH
Arizona Diamondbacks batting - Pitching for San Diego Padres : RHP Vic Davidson
Batting: LHB Kevin Berte 0-0: Called Strike
0-1: Ball
1-1: Called Strike
1-2: Ground out 5-3 (Groundball, 56, EV 105.6 MPH)
Batting: RHB Bob Peterson 0-0: Ball
1-0: SINGLE (Line Drive, 56D, EV 106.9 MPH)
Batting: LHB Tommy Campbell 0-0: Foul Ball, location: 2F
0-1: Called Strike
Bob Peterson steals 2nd base
0-2: Ball
1-2: Ball
2-2: Ball
3-2: Intentional Walk
Pitching: RHP Brad Grant
Batting: RHB Brad Bluth 0-0: Ball
1-0: Ball
2-0: Called Strike
2-1: Ball
3-1: Called Strike
3-2: Strikes out looking
Batting: LHB Adrian McAdams 0-0: Ball
1-0: Foul Ball, location: 2F
1-1: Swinging Strike
1-2: Strikes out swinging
Top of the 15th over - 0 runs, 1 hit, 0 errors, 2 left on base; Arizona 3 - San Diego 3
BOTTOM OF THE 15TH
San Diego Padres batting - Pitching for Arizona Diamondbacks : RHP Ian Etheredge
Batting: LHB Melvin Adame 0-0: Called Strike
0-1: Fly out, F7 (Flyball, 78M, EV 80.0 MPH)
Batting: LHB Zach Kovacs 0-0: Called Strike
0-1: Ball
1-1: Foul Ball, location: 2F
1-2: Strikes out looking
Batting: RHB Christian Hamilton 0-0: Ball
1-0: Called Strike
1-1: Ball
2-1: Fly out, F8 (Flyball, 8RD, EV 96.3 MPH)
Bottom of the 15th over - 0 runs, 0 hits, 0 errors, 0 left on base; Arizona 3 - San Diego 3
TOP OF THE 16TH
Arizona Diamondbacks batting - Pitching for San Diego Padres : RHP Brad Grant
Batting: RHB Eric Dziwulski 0-0: Ball
1-0: Called Strike
1-1: Called Strike
1-2: Strikes out swinging
Batting: RHB Jose Castrellon 0-0: Foul Ball, location: 2F
0-1: Ball
1-1: Ball
2-1: Ball
3-1: Base on Balls
Batting: LHB Luke Leto 0-0: Called Strike
0-1: Ball
1-1: Ball
2-1: Called Strike
2-2: Strikes out swinging
Pitching: RHP Dan Cottrell
Batting: RHB Justin Colon 0-0: Ball
1-0: Ball
2-0: Called Strike
2-1: Ball
3-1: Base on Balls
Jose Castrellon to second
Batting: LHB Kevin Berte 0-0: Called Strike
0-1: Swinging Strike
0-2: 3-RUN HOME RUN (Flyball, 89XD, EV 102.5 MPH), Distance : 407 ft
Batting: RHB Bob Peterson 0-0: Foul Ball, location: 2F
0-1: Ball
1-1: Foul Ball, location: 2RF
1-2: Strikes out looking
Top of the 16th over - 3 runs, 1 hit, 0 errors, 0 left on base; Arizona 6 - San Diego 3
BOTTOM OF THE 16TH
San Diego Padres batting - Pitching for Arizona Diamondbacks : RHP Ian Etheredge
Pitching: RHP Jeff Copp
Batting: RHB Emmanuel Anzola 0-0: SINGLE (Groundball, 6S, EV 63.8 MPH) (infield hit)
Batting: LHB Greg Moravec 0-0: Grounds into double play, 4-6-3 (Groundball, 4, EV 108.1 MPH)
Batting: RHB Jody Mlakar 0-0: Swinging Strike
0-1: Fly out, F8 (Flyball, 78D, EV 90.6 MPH)
Bottom of the 16th over - 0 runs, 1 hit, 0 errors, 0 left on base; Arizona 6 - San Diego 3
Friday, April 19th , 2024 - OOTP Baseball 24.10 Build 82